 Dungeon Crawl Stone Soup version 0.27.1-33-g824d729ab1 (webtiles) character file.

Game seed: 16300982289759025896

2125 Destapler the Cudgeller (level 9, -5/80 HPs)
             Began as a Troll Fighter on Nov 28, 2021.
             Was a Priest of Qazlal.
             Slain by a cyclops (28 damage)
             ... on level 6 of the Dungeon.
             The game lasted 00:11:05 (4242 turns).

Destapler the Cudgeller (Troll Fighter)             Turns: 4242, Time: 00:11:06

Health: -5/80      AC: 12    Str: 29    XL:     9   Next: 8%
Magic:  7/8        EV:  9    Int:  4    God:    Qazlal [***...]
Gold:   271        SH: 16    Dex:  9    Spells: 8/8 levels left

rFire    + . .     SeeInvis .   n - +1 mace (protect)
rCold    + . .     Faith    .   c - +1 kite shield
rNeg     . . .     Spirit   .   b - +0 robe
rPois    +         Reflect  .   (helmet restricted)
rElec    +         Harm     .   u - +0 cloak {Will+}
rCorr    +         Rampage  .   (gloves unavailable)
Will     +....                  (boots unavailable)
Stlth    +.........             g - amulet of regeneration
HPRegen  2.23/turn              (no ring)
MPRegen  0.11/turn              (no ring)

@: brilliant, resistant, under a protective aura
A: large, unfitting armour, claws 3, regeneration 1, shaggy fur 1, tough skin 1
a: Renounce Religion, Upheaval, Elemental Force


You were on level 6 of the Dungeon.
You worshipped Qazlal.
Qazlal was most pleased with you.
You visited 1 branch of the dungeon, and saw 6 of its levels.

You collected 271 gold pieces.

Inventory:

Hand Weapons
 a - a +0 flail
 n - a +1 mace of protection (weapon)
 v - a +1 whip of flaming
Missiles
 t - 3 boomerangs of dispersal
 x - 10 poisoned darts
 y - 4 atropa-tipped darts
 B - a throwing net (quivered)
 D - 4 javelins
 E - 8 boomerangs
Armour
 b - a +0 robe (worn)
 c - a +1 kite shield (worn)
 u - a +0 cloak of willpower (worn)
Jewellery
 g - an amulet of regeneration (around neck)
Wands
 d - a wand of polymorph (10)
 l - a wand of acid (14)
 w - a wand of mindburst (8)
 z - a wand of flame (18)
Scrolls
 e - 4 scrolls of vulnerability {unknown}
 f - 4 scrolls of identify
 h - a scroll of acquirement {unknown}
 j - a scroll of enchant weapon {unknown}
 m - a scroll of fog {unknown}
 r - 2 scrolls of teleportation
 C - a scroll of blinking {unknown}
 F - a scroll of noise {unknown}
Potions
 i - 4 potions of flight
 p - a potion of mutation {unknown}
 q - a potion of magic {unknown}
 s - 3 potions of lignification {unknown}


   Skills:
 - Level 2.6 Fighting
 + Level 7.9 Maces & Flails
 - Level 2.7 Dodging
 + Level 7.4 Shields


You had 8 spell levels left.
You didn't know any spells.
Your spell library contained the following spells:

 Spells                   Type           Power      Damage    Failure   Level
 Summon Small Mammal      Summ           0%         N/A       61%         1
 Call Canine Familiar     Summ           0%         N/A       93%         3
 Summon Guardian Golem    Hex/Summ       0%         N/A       93%         3


Dungeon Overview and Level Annotations

Branches:
Dungeon (6/15)             Temple (0/1) D:6

Altars:
Fedhas
Qazlal
Wu Jian
The Shining One

Shops:
D:5 **

Annotations:
D:5 2 transporters, DenSaoPin's ghost, amateur TrHu
D:6 CrazyMind's ghost, novice HuFi


Innate Abilities, Weirdness & Mutations

You are too large for most types of armour.
You have claws for hands.
Your natural rate of healing is unusually fast.
You are covered in fur. (AC +1)
You have tough skin. (AC +1)


Message History

You block CrazyMind's ghost's attack.
It was a potion of resistance.
You feel protected. You block the kobold brigand's attack. Something hits you.
You block something's attack.
CrazyMind's ghost completely misses you.
You closely miss CrazyMind's ghost.
CrazyMind's ghost is moderately damaged.
You block the kobold brigand's attack. Something hits you.
You block something's attack. CrazyMind's ghost hits you!
The kobold brigand is struck by lightning.
The kobold brigand hits you but does no damage.
You hit the kobold brigand.
Your weapon exudes an aura of protection.
The kobold brigand is severely wounded.
Something hits you. You block something's attack. CrazyMind's ghost hits you.
* * * LOW HITPOINT WARNING * * *
You block the kobold brigand's attack.
You sock the kobold brigand!
You kill the kobold brigand!
Qazlal accepts your kill. Something hits you but does no damage.
Something bites you but does no damage. You block CrazyMind's ghost's attack.
You barely miss CrazyMind's ghost.
CrazyMind's ghost is lightly damaged.
Something hits you!
* * * LOW HITPOINT WARNING * * *
Something bites you but does no damage. You block CrazyMind's ghost's attack.
You hit something but do no damage. Something hits you but does no damage.
Something bites you.
* * * LOW HITPOINT WARNING * * *
Something draws strength from your injuries!
You block CrazyMind's ghost's attack. The cyclops hits you.
* * * LOW HITPOINT WARNING * * *
It was a potion of brilliance.
You feel clever all of a sudden.
You hear some strange, mumbled words.
Something tries to affect you, but you resist.
CrazyMind's ghost closely misses you. The cyclops hits you!!
You die...

.........# #..........#........#
.........# #..........#........#
.........# #..........######'###
.........# #........(.# #.#
####'##### #..........# #.#
......######......##### #.#
................#..#### #.#
......#########°......# #.#
......#.......#.@.....# #.####
......#.......#W○C....# #....#
......#.!$....'.o.....# #.#...
......#.).....'.......# #.....
......#.......'.#'##..# #.###.
......#.......#.#.###.## #.#≈#.
......#.......#.#.# #..# #.###.
......#########.#.# ##.## #.....
###..÷..........#.####..####.####


You could see a cyclops, CrazyMind's ghost and an orc.

Vanquished Creatures
  Pikel (D:6)
  Grinder (D:3)
  An ice beast (D:5)
  2 sky beasts
  A necrophage (D:6)
  An ogre (D:4)
  A phantom (D:5)
  A bullfrog (D:6)
  2 kobold brigands (D:6)
  A scorpion (D:5)
  2 wyvern skeletons
  A water moccasin skeleton (D:4)
  A bullfrog zombie (D:6)
  A hound (D:6)
  A jelly (D:3)
  An orc priest (D:4)
  Crazy Yiuf (D:5)
  A centaur skeleton (D:4)
  Terence (D:2)
  4 iguanas
  2 orc wizards
  A howler monkey zombie (D:6)
  A howler monkey skeleton (D:5)
  3 gnolls (D:5)
  3 adders
  2 white imps (D:6)
  An ufetubus (D:4)
  A worm (D:3)
  7 dart slugs
  15 orcs
  9 endoplasms
  6 giant cockroaches
  6 hobgoblins
  3 jackals (D:1)
  14 kobolds
  2 quokkas (D:1)
  6 ball pythons
  9 bats
  4 frilled lizards
  5 goblins
  A rat (D:2)
  A butterfly (D:6)
128 creatures vanquished.

Vanquished Creatures (collateral kills)
  A rat (D:3)
1 creature vanquished.

Vanquished Creatures (others)
  4 fungi (D:5)
  3 plants (D:2)
7 creatures vanquished.

Grand Total: 136 creatures vanquished

Notes
Turn   | Place    | Note
-------+----------+-------------------------------------------
     0 | D:1      | Destapler the Troll Fighter began the quest for the Orb.
     0 | D:1      | Reached XP level 1. HP: 22/22 MP: 0/0
    32 | D:1      | Reached XP level 2. HP: 28/29 MP: 1/1
   375 | D:1      | Reached XP level 3. HP: 36/36 MP: 2/2
   414 | D:1      | You fall into a shaft and drop 1 floor!
   414 | D:2      | Found a faded altar of an unknown god.
   439 | D:2      | Got Plato's Grimoire of the Entourage
   440 | D:2      | Became a worshipper of Qazlal Stormbringer
   440 | D:2      | Reached * piety under Qazlal
   448 | D:2      | Noticed Terence
   455 | D:2      | Killed Terence
   518 | D:2      | Reached XP level 4. HP: 44/44 MP: 3/3
  1416 | D:3      | Reached ** piety under Qazlal
  1462 | D:3      | Noticed Grinder
  1479 | D:3      | Killed Grinder
  1480 | D:3      | Reached XP level 5. HP: 20/50 MP: 4/4
  1480 | D:3      | Reached XP level 6. HP: 24/59 MP: 5/5
  2109 | D:3      | Found a blossoming altar of Fedhas.
  2312 | D:4      | Reached XP level 7. HP: 64/66 MP: 6/6
  2316 | D:4      | Reached skill level 5 in Maces & Flails
  2352 | D:4      | Reached skill level 5 in Shields
  2621 | D:5      | Entered Level 5 of the Dungeon
  2808 | D:5      | Reached XP level 8. HP: 74/74 MP: 7/7
  2918 | D:5      | Found a transporter.
  2922 | D:5      | Noticed DenSaoPin's ghost (amateur TrHu)
  2952 | D:5      | Found a transporter.
  3020 | D:5      | Reached *** piety under Qazlal
  3056 | D:5      | Found Kewki's Specific Store.
  3093 | D:5      | Found Qeseyn's General Store.
  3269 | D:5      | Found a runed translucent door.
  3270 | D:5      | Noticed Crazy Yiuf
  3283 | D:5      | Killed Crazy Yiuf
  3400 | D:6      | Found a staircase to the Ecumenical Temple.
  3528 | D:6      | Noticed Pikel
  3543 | D:6      | Killed Pikel
  3559 | D:6      | Found a runed translucent gate.
  3560 | D:6      | Found a runed translucent gate.
  3560 | D:6      | Noticed a cyclops
  3561 | D:6      | Found a runed translucent gate.
  3561 | D:6      | Noticed CrazyMind's ghost (novice HuFi)
  3615 | D:6      | Reached XP level 9. HP: 80/80 MP: 8/8
  3686 | D:6      | Found an ornate altar of the Wu Jian Council.
  4118 | D:6      | Found a glowing golden altar of the Shining One.
  4242 | D:6      | Slain by a cyclops

Illustrated notes

Levels and vault maps discovered:
D:1:      lightli_arrival_statuegarden, layout_rooms
D:2:      layout_basic, shapermc_ecumenical_altar_rom_forum, uniq_terence
D:3:      layout_basic, mainiacjoe_overflow_surrounded_room, serial_forest,
          infiniplex_forest_end_1, infiniplex_forest_straight_2,
          infiniplex_forest_lined_2, infiniplex_forest_straight_3,
          infiniplex_forest_clump_tiny, infiniplex_forest_straight_3,
          uniq_grinder
D:4:      layout_cave_pools
D:5:      layout_rooms, gammafunk_ghost_stat_death, nicolae_specific_store,
          uniq_crazy_yiuf_cottage
D:6:      layout_basic, lemuel_crystal_altar, nicolae_tso_swordbearing_angel,
          minmay_temple_entry_butterflies, gammafunk_ghost_split,
          feat_on_display, uniq_pikel

Skill      XL: |  1  2  3  4  5  6  7  8 |
---------------+-------------------------+-----
Maces & Flails | 2 4 6 7 |  7.9
Shields        | 3 4 5 7 |  7.4
Fighting       | |  2.6
Dodging        | |  2.7

Action                   |  1- 3 |  4- 6 |  7- 9 || total
-------------------------+-------+-------+-------++-------
Melee: Flail             |   108 |   126 |       ||   234
       Unarmed           |       |    12 |       ||    12
       Mace              |       |    13 |   212 ||   225
Throw: Throwing net      |       |       |     4 ||     4
Invok: Upheaval          |       |       |     1 ||     1
  Use: Scroll            |       |     5 |       ||     5
       Potion            |       |     2 |     3 ||     5
Armor: Robe              |    56 |    39 |    83 ||   178
Dodge: Dodged            |    56 |    53 |    81 ||   190
Block: Kite shield       |    75 |   103 |   223 ||   401
